 Dungeon Crawl Stone Soup version 0.31-a0-237-g2d982f9f85 (webtiles) character file.

Game seed: 12607616324759864757

266 LeprechaunX the Insei (level 6, -8/36 HPs)
             Began as an Octopode Transmuter on July 11, 2023.
             Was a Follower of Hepliaklqana.
             Killed by divine providence
             ... invoked by an orc priest
              (15 damage)
             ... on level 4 of the Dungeon.
             The game lasted 00:11:03 (3524 turns).

LeprechaunX the Insei (Octopode Transmuter)         Turns: 3524, Time: 00:11:04

Health: -8/36      AC:  1    Str: 11    XL:     6   Next: 20%
Magic:  10/10      EV: 13    Int: 22    God:    Hepliaklqana [*.....]
Gold:   215        SH:  0    Dex: 12    Spells: 5/10 levels left

rFire   . .          .
                       - Unarmed
rCold   . . .        (no shield)
rNeg    . . .        (helmet restricted)
rPois   .            (no amulet)
rElec   .            e - +6 ring of intelligence
rCorr   .            (no ring)
SInv    .            (no ring)
Will    .....        (no ring)
Stlth   ++           (no ring)
HPRegen 0.26/turn    (no ring)
MPRegen 0.12/turn    (no ring)
                     (no ring)

%: no passive effects
@: confused
A: reduced essence, almost no armour, amphibious, 8 rings, camouflage 1,
gelatinous body 1, (nimble swimmer 1), tentacles
a: Renounce Religion, Recall Ancestor, Ancestor Identity


You were on level 4 of the Dungeon.
You worshipped Hepliaklqana.
Hepliaklqana was aware of your devotion.
You visited 1 branch of the dungeon, and saw 5 of its levels.

You collected 215 gold pieces.

Inventory:

Hand Weapons
 b - a +0 sling
 n - a +0 arbalest
Missiles
 i - 51 stones (quivered)
Magical Staves
 q - a staff of fire
Jewellery
 e - a +6 ring of intelligence (left tentacle)
Scrolls
 a - a scroll of immolation {unknown}
 c - 3 scrolls of noise {unknown}
 d - a scroll of poison {unknown}
 g - 6 scrolls of identify {unknown}
 j - a scroll of blinking {unknown}
 m - 3 scrolls of butterflies {unknown}
 s - a scroll of vulnerability {unknown}
 t - a scroll of amnesia {unknown}
Potions
 f - a potion of mutation {unknown}
 h - a potion of enlightenment {unknown}
 k - a potion of brilliance {unknown}
 l - a potion of haste {unknown}
 o - 2 potions of curing {unknown}
 p - a potion of lignification
 r - 2 potions of degeneration {unknown}


   Skills:
 + Level 2.3 Fighting
 + Level 1.3 Ranged Weapons
 + Level 3.0 Dodging
 * Level 4.2 Unarmed Combat
 + Level 2.8 Spellcasting
 + Level 1.3 Translocations
 + Level 3.0 Transmutations


You had 5 spell levels left.
You knew the following spells:

 Your Spells              Type           Power      Damage    Failure   Level
a - Beastly Appendage     Tmut           32%        N/A       3%          1
b - Wereblood             Tmut           16%        N/A       5%          2
c - Blink                 Tloc           18%        N/A       11%         2

Your spell library contained the following spells:

 Spells                   Type           Power      Damage    Failure   Level
 Lesser Beckoning         Tloc           18%        N/A       11%         2
 Momentum Strike          Conj/Tloc      12%        3d8       14%         2
 Spider Form              Tmut/Pois      9%         N/A       21%         3
 Summon Guardian Golem    Hex/Summ       3%         N/A       36%         3
 Ice Form                 Ice/Tmut       9%         N/A       56%         4
 Orb of Destruction       Conj           1%         9d5       100%        7
 Spellforged Servitor     Conj/Summ      1%         N/A       100%        7


Dungeon Overview and Level Annotations

Branches:
Dungeon (5/15)
 Temple: D:4-7

Altars:
Hepliaklqana


Innate Abilities, Weirdness & Mutations

Your life essence is reduced to manifest your ancestor. (-10% HP)
You cannot wear most types of armour.
You are amphibious.
You can wear up to eight rings at the same time.
Your skin changes colour to match your surroundings (Stealth+).
Your rubbery body absorbs attacks. (AC +1, EV +1)
((You are camouflaged when in or above water. (Stealth+)))
You have tentacles for arms and can constrict up to eight enemies at once.


Message History

You hear a shout!
You start resting.
A magic dart appears from out of your range of vision.
The magic dart hits Matia.
You start resting.
Matia appears confused.
Matia barely misses you.
You swap places.
You hear some strange, mumbled words.
Deactivating autopickup; reactivate with Ctrl-A.
You are confused.
An orc comes into view. It is wielding a +0 whip.
Matia barely misses you.
Matia hits something.
You hear some strange, mumbled words.
Something tries to affect you, but you resist.
Matia hits something.
You hear some strange, mumbled words.
You are more confused.
You hear a shout!
There is a stone staircase leading up here.
The orc priest calls down the wrath of Beogh upon you.
Beogh smites you!
Matia hits herself.
You climb upwards.
Reactivating autopickup.
There is a stone staircase leading down here.
You bump into the stone wall.
The orc priest barely misses you.
You bump into the stone wall.
The orc priest hits you with a +0 short sword.
You bump into the stone wall.
The orc priest hits you with a +0 short sword.
* * * LOW HITPOINT WARNING * * *
You closely miss the orc priest.
You squeeze the orc priest, but do no damage.
The orc priest hits you with a +0 short sword.
* * * LOW HITPOINT WARNING * * *
You closely miss the orc priest.
The orc priest invokes the aid of Beogh against you.
Beogh smites you!
You die...

######### ########
#@......# #......#
#.o.....# ##
#......###.......# .####
#......##........#
....###......#..###.####
###..........#.####.#
###..........#.#....#
#...###..).....#.####
#.#####.......##.#


You could see an orc priest.

Vanquished Creatures
  A hound (D:4)
  An iguana (D:4)
  An adder (D:2)
  A gnoll (D:1)
  3 worms
  3 dart slugs
  6 orcs
  7 ball pythons
  8 bats
  8 endoplasms
  A giant cockroach (D:2)
  7 goblins
  9 hobgoblins
  7 jackals
  A quokka (D:2)
  6 frilled lizards
  7 kobolds
  5 rats
82 creatures vanquished.

Vanquished Creatures (collateral kills)
  A howler monkey (D:5)
  A jelly (D:5)
  An adder (D:4)
  A worm (D:4)
  A giant cockroach (D:4)
  A hobgoblin (D:4)
  A kobold (D:4)
7 creatures vanquished.

Vanquished Creatures (others)
  An ancestor (D:4)
1 creature vanquished.

Grand Total: 90 creatures vanquished

Notes
Turn   | Place    | Note
-------+----------+-------------------------------------------
     0 | D:1      | LeprechaunX the Octopode Transmuter began the quest for the
                  | Orb.
     0 | D:1      | Reached XP level 1. HP: 13/13 MP: 3/3
   218 | D:1      | Reached XP level 2. HP: 18/18 MP: 5/5
   504 | D:1      | Reached XP level 3. HP: 14/23 MP: 6/6
  1043 | D:2      | Learned a level 2 spell: Wereblood
  1046 | D:2      | Learned a level 2 spell: Blink
  1227 | D:2      | Reached XP level 4. HP: 29/29 MP: 7/7
  2004 | D:2      | HP: 1/29 [orc/+0 falchion (3)]
  2436 | D:3      | Found a faded altar of an unknown god.
  2627 | D:3      | Prayed at the altar of an unknown god.
  2627 | D:3      | Became a worshipper of Hepliaklqana the Forgotten
  2627 | D:3      | Reached * piety under Hepliaklqana
  2796 | D:4      | Reached XP level 5. HP: 21/30 MP: 8/8
  2906 | D:4      | Reached skill level 1 in Translocations
  2936 | D:4      | Reached skill level 1 in Ranged Weapons
  3366 | D:4      | Reached skill level 4 in Unarmed Combat
  3423 | D:5      | Entered Level 5 of the Dungeon
  3469 | D:5      | Reached XP level 6. HP: 12/35 MP: 8/10
  3524 | D:4      | Killed from afar by an orc priest

Illustrated notes

Levels and vault maps discovered:
D:1:      spicycebolla_arrival_risky_transporter, layout_loops_cross
D:2:      layout_basic
D:3:      layout_rooms, shapermc_ecumenical_altar_acropolis,
          kennysheep_decorative_pillar
D:4:      layout_rooms, cheibrodos_sewer_entry_bend
D:5:      layout_basic, temple_green

Skill      XL: |  1  2  3  4  5  6 |
---------------+-------------------+-----
Fighting       | 2 |  2.3
Translocations | 1 |  1.3
Ranged Weapons | 1 |  1.3
Unarmed Combat | 4 |  4.2
Dodging        | 3 |  3.0
Transmutations | 3 |  3.0
Spellcasting   | |  2.8

Action                     |  1- 3 |  4- 6 || total
---------------------------+-------+-------++-------
  Melee: Unarmed           |    88 |    99 ||   187
         Tentacles         |     9 |    18 ||    27
         Constrict         |    25 |    26 ||    51
         Kick              |     4 |    18 ||    22
         Punch             |     3 |     1 ||     4
   Fire: Sling             |       |    12 ||    12
   Cast: Beastly Appendage |     5 |    16 ||    21
    Use: Potion            |       |     1 ||     1
   Stab: Sleeping          |     6 |     7 ||    13
 Armour: Skin              |    10 |     9 ||    19
  Dodge: Dodged            |    55 |    78 ||   133

Table legend: (Time is in decaauts)
 A = Elapsed time spent in this place.
 B = Non-inter-level travel time spent in this place.
 C = Inter-level travel time spent in this place.
 D = Time resting spent in this place.
 E = Time spent auto-exploring this place.
 F = Levels seen in this place.
 G = Mean time per level.
                   A        B        C        D        E       F      G
               +--------+--------+--------+--------+--------+-----+--------+
         Total |   3513 |   3296 |    217 |    207 |   2410 |   5 |  702.6 |
       Dungeon |   3513 |   3296 |    217 |    207 |   2410 |   5 |  702.6 |
               +--------+--------+--------+--------+--------+-----+--------+

Top non-repeatable levels by time:
     D:2: 1234 daAuts
     D:1: 888 daAuts
     D:4: 828 daAuts
     D:3: 508 daAuts
     D:5: 54 daAuts
